 Dungeon Crawl Stone Soup version 0.17.1-2-g5865329 (webtiles) character file.

95 Jerry the Ducker (level 4, -2/30 HPs)
             Began as an Octopode Warper on Jan 25, 2016.
             Slain by an ogre
             ... wielding a +0 giant spiked club
              (32 damage)
             ... on level 3 of the Dungeon.
             The game lasted 00:09:47 (2834 turns).

Jerry the Ducker (Octopode Warper)                  Turns: 2834, Time: 00:09:48

Health: -2/30      AC:  1    Str: 10    XL:     4   Next: 66%
Magic:  8/8        EV: 13    Int: 15    God:
Gold:   98         SH:  0    Dex: 12    Spells: 2 memorised, 5 levels left

rFire  . . .     SeeInvis .     j - +0 whip
rCold  . . .     Clarity  .     (no shield)
rNeg   . . .     SustAt   .     (helmet restricted)
rPois  .         Gourm    .     (no amulet)
rElec  .         Spirit   .     (no ring)
rCorr  .         Warding  .     (no ring)
rMut   .         Stasis   .     (no ring)
MR     .....                    (no ring)
Stlth  +++.......               (no ring)
                                (no ring)
                                (no ring)
                                (no ring)

@: not resistant to hostile enchantments, fairly stealthy
A: almost no armour, amphibious, 8 rings, constrict 8, camouflage 1, gelatinous
body 1
a: no special abilities


You were on level 3 of the Dungeon.
You were hungry.

You visited 1 branch of the dungeon, and saw 3 of its levels.

You collected 98 gold pieces.

Inventory:

Hand Weapons
 a - a +0 mace
 j - a +0 whip (weapon)
 n - a cursed -1 morningstar
Missiles
 d - 5 tomahawks of dispersal (quivered)
Scrolls
 c - a scroll of blinking
 g - a scroll of magic mapping {unknown}
 o - a scroll of teleportation {unknown}
Potions
 h - a potion of brilliance {unknown}
 i - a potion of flight {unknown}
 k - 4 potions of resistance {unknown}
 l - a potion of curing {unknown}
 m - a potion of degeneration {unknown}
Books
 b - a book of Spatial Translocations

   Spells                             Type                      Level
   a - Apportation                    Translocation                1
   b - Blink                          Translocation                2
   c - Shroud of Golubria             Charms/Translocation         2
   d - Portal Projectile              Translocation                3
   e - Teleport Other                 Translocation                3
   f - Passage of Golubria            Translocation                4
Comestibles
 e - a bread ration
 f - 3 beef jerkies


   Skills:
 + Level 2.7 Fighting
 + Level 2.8 Maces & Flails
 - Level 1.0 Throwing
 + Level 3.1 Dodging
 + Level 1.5 Stealth
 + Level 2.7 Spellcasting
 - Level 3.0 Translocations


You had 5 spell levels left.
You knew the following spells:

 Your Spells              Type           Power        Failure   Level  Hunger
a - Apportation           Tloc           ##........   8%          1    #......
b - Blink                 Tloc           N/A          12%         2    ##.....


Dungeon Overview and Level Annotations

Branches:
Dungeon (3/15)

Altars:


Innate Abilities, Weirdness & Mutations

You cannot wear most types of armour.
You are amphibious.
You can wear up to eight rings at the same time.
You can use your tentacles to constrict eight enemies at once.
Your skin changes colour to match your surroundings (Stealth).
Your rubbery body absorbs attacks (AC +1).


Message History

Found a hunting sling.
A rat comes into view.
Found 18 gold pieces.
There is an open door here.
You barely miss the rat. You grab the rat.
You constrict the rat, but do no damage.
The rat barely misses you.
You hit the rat.
You kill the rat!
You now have 98 gold pieces (gained 18).
You see here a hunting sling.
Found a falchion.
An ogre comes into view. It is wielding a giant spiked club.
The ogre shouts!
A kobold comes into view.
You barely miss the ogre.
The kobold shouts!
The ogre hits you with a giant spiked club!!
Ouch! That really hurt!
You die...

#..# #. #K.# #..
#..# ##### .. #..#
#...# #. #..# #...#
#.###..# #...#
#..##O.# #...#
#..##@.# #...#
#).....#
#...#####.#...#
#.†.).........#
###.#####..#..#
#######.# ##.#..#
.....##'######.#..#
..................#
....)).....###...##


You could see an ogre and a kobold.

Vanquished Creatures
  Jessica (D:2)
  2 adders (D:2)
  A worm (D:2)
  2 giant geckos (D:2)
  An orc (D:2)
  A giant cockroach (D:2)
  9 goblins
  5 hobgoblins
  2 quokkas (D:2)
  6 bats
  4 giant newts
  4 jackals (D:2)
  5 kobolds
  3 rats
46 creatures vanquished.

Notes
Turn   | Place    | Note
--------------------------------------------------------------
     0 | D:1      | Jerry the Octopode Warper began the quest for the Orb.
     0 | D:1      | Reached XP level 1. HP: 14/14 MP: 3/3
   383 | D:1      | Reached XP level 2. HP: 17/19 MP: 5/5
   431 | D:1      | Learned a level 2 spell: Blink
  1155 | D:2      | Found a faded altar to an unknown god.
  1323 | D:2      | Reached XP level 3. HP: 18/24 MP: 6/6
  2062 | D:2      | Reached skill level 1 in Stealth
  2452 | D:2      | Reached XP level 4. HP: 26/30 MP: 7/7
  2603 | D:2      | Noticed Jessica
  2613 | D:2      | Killed Jessica
  2832 | D:3      | Noticed an ogre
  2834 | D:3      | Slain by an ogre

Action                   |  1- 3 |  4- 6 || total
-------------------------+-------+-------++-------
Melee: Whip              |    87 |    32 ||   119
  Use: Scroll            |     2 |       ||     2
 Stab: Sleeping          |     5 |     2 ||     7
       Distracted        |     1 |       ||     1
  Eat: Chunk             |     5 |       ||     5
